 Dungeon Crawl Stone Soup version 0.19.5 (webtiles) character file.

46 JeffiDaFish the Conjurer (level 3, -8/16 HPs)
             Began as a Spriggan Conjurer on Nov 8, 2017.
             Killed from afar by Sigmund (11 damage)
             ... with a puff of flame
             ... on level 2 of the Dungeon.
             The game lasted 00:08:58 (1332 turns).

JeffiDaFish the Conjurer (Spriggan Conjurer)        Turns: 1332, Time: 00:08:58

Health: -8/16      AC:  3    Str:  4    XL:     3   Next: 44%
Magic:  2/8        EV: 19    Int: 16    God:
Gold:   65         SH:  0    Dex: 17    Spells: 3 memorised, 2 levels left

rFire  . . .     SeeInvis +     (weapon restricted)
rCold  . . .     Gourm    .     a - +1 robe
rNeg   . . .     Faith    .     (shield restricted)
rPois  .         Spirit   .     (helmet restricted)
rElec  .         Reflect  .     (no cloak)
rCorr  .         Harm     .     (gloves unavailable)
MR     .....                    (boots unavailable)
Stlth  ++........               (no amulet)
                                (no ring)
                                (no ring)

@: very slightly contaminated, very quick
A: unfitting armour, see invisible, herbivore 3, speed 3, slow metabolism 2
a: no special abilities


You were on level 2 of the Dungeon.
You were not hungry.

You visited 1 branch of the dungeon, and saw 2 of its levels.

You collected 65 gold pieces.

Inventory:

Armour
 a - a +1 robe (worn)
Scrolls
 g - a scroll of identify
Potions
 d - a potion of ambrosia
 e - a potion of invisibility
 f - 2 potions of curing
Books
 b - a book of Conjurations

   Spells                             Type                      Level
   a - Magic Dart                     Conjuration                  1
   b - Searing Ray                    Conjuration                  2
   c - Dazzling Spray                 Conjuration/Hexes            3
   d - Fulminant Prism                Conjuration/Hexes            4
   e - Iskenderun's Mystic Blast      Conjuration                  4
   f - Iskenderun's Battlesphere      Conjuration/Charms           5
Comestibles
 c - 2 bread rations


   Skills:
 + Level 3.4 Dodging
 + Level 3.1 Stealth
 + Level 0.1 Unarmed Combat
 + Level 3.3 Spellcasting
 + Level 3.5 Conjurations


You had 2 spell levels left.
You knew the following spells:

 Your Spells              Type           Power        Failure   Level  Hunger
a - Magic Dart            Conj           ##..         6%          1    None
b - Searing Ray           Conj           ##....       10%         2    ##.....
c - Dazzling Spray        Conj/Hex       #.....       28%         3    ###....


Dungeon Overview and Level Annotations

Branches:
Dungeon (2/15)

Altars:
Trog

Annotations:
D:2 Sigmund


Innate Abilities, Weirdness & Mutations

You are very small and have problems with some larger weapons.
You are too small for most types of armour.
You have supernaturally acute eyesight. (SInv)
You are a herbivore.
You cover ground extremely quickly.
You need consume almost no food.


Message History

Press: ? - help, Shift-Dir - straight line, f/p - Sigmund
Aim: Sigmund, wielding a scythe and wearing a robe (heavily wounded)
You miscast Magic Dart.
Nothing appears to happen.
Sigmund hits you from afar with a scythe!
Ouch! That really hurt!
* * * LOW HITPOINT WARNING * * *
Casting: Magic Dart
Confirm with . or Enter, or press ? or * to list all spells.
Aiming: Magic Dart
Press: ? - help, Shift-Dir - straight line, f/p - Sigmund
Aim: Sigmund, wielding a scythe and wearing a robe (heavily wounded)
The magic dart hits Sigmund.
Sigmund is heavily wounded.
Sigmund completely misses you.
Sigmund mumbles some strange words.
Sigmund flickers and vanishes for a moment.
Sigmund points at you and mumbles some strange words.
The puff of flame hits you!
Ouch! That really hurt!
You die...

#...## ##.###.....#.#.#..#.#
##.#..####......#@#.#.#....#.#
...#....†....#....#......#..
.##..###...###....# #.#. #.
....##......##....# .# ..##
#.......#...## . ..
#..##._......# .
#.###...##...# #..##..###.@.#
..####......###..##
.............#...#
#####............#
##...######### #####


You could see Sigmund (invisible).

Vanquished Creatures
  A gnoll (D:1)
  2 oozes (D:1)
  2 dart slugs (D:1)
  A leopard gecko (D:1)
  2 giant cockroaches
  A goblin (D:1)
  3 hobgoblins
  2 jackals (D:1)
  5 bats
  A frilled lizard (D:1)
  A kobold (D:1)
  A rat (D:1)
22 creatures vanquished.

Notes
Turn   | Place    | Note
-------+----------+-------------------------------------------
     0 | D:1      | JeffiDaFish the Spriggan Conjurer began the quest for the Orb.
     0 | D:1      | Reached XP level 1. HP: 9/9 MP: 5/5
   279 | D:1      | Reached XP level 2. HP: 10/13 MP: 4/7
   422 | D:1      | Learned a level 2 spell: Searing Ray
   634 | D:1      | Reached XP level 3. HP: 16/16 MP: 0/8
   801 | D:1      | Learned a level 3 spell: Dazzling Spray
  1062 | D:2      | Found a bloodstained altar of Trog.
  1087 | D:2      | Noticed Sigmund
  1332 | D:2      | Killed from afar by Sigmund

Skill      XL: |  1 |
---------------+----+-----
Conjurations   | 3 |  3.5
Spellcasting   | 3 |  3.3
Dodging        | |  3.4
Stealth        | |  3.1
Unarmed Combat | |  0.1

Action                   || total
-------------------------++-------
Melee: Unarmed           ||    11
 Cast: Magic Dart        ||    43
       Searing Ray       ||     8
  Use: Potion            ||     6
       Scroll            ||     5
 Stab: Sleeping          ||     1
Armor: Robe              ||     1
Dodge: Dodged            ||    23
